 Dungeon Crawl Stone Soup version 0.26-a0-67-g850bfe61e3 (webtiles) character file.

Game seed: 10391329418723938857

45 Gargoyl the Skirmisher (level 3, 0/31 HPs)
             Began as a Centaur Abyssal Knight on June 12, 2020.
             Was a Follower of Lugonu.
             Slain by Sigmund
             ... wielding a +0 scythe
              (3 damage)
             ... on level 2 of the Dungeon.
             The game lasted 00:02:16 (1461 turns).

Gargoyl the Skirmisher (Centaur Abyssal Knight)     Turns: 1461, Time: 00:02:16

Health: 0/31       AC:  5    Str: 14      XL:     3   Next: 42%
Magic:  4/4        EV:  8    Int: 11      God:    Lugonu [*.....]
Gold:   91         SH:  0    Dex: 10 (11) Spells: 2/2 levels left

rFire    . . .     SeeInvis .   a - +1 hand axe
rCold    . . .     Gourm    .   (no shield)
rNeg     . . .     Faith    .   e - +0 ring mail
rPois    .         Spirit   .   (no helmet)
rElec    .         Reflect  .   (no cloak)
rCorr    .         Harm     .   (no gloves)
MR       .....     Rnd*Rage +   (no barding)
Stlth    ..........             (no amulet)
HPRegen  0.10/turn              (no ring)
MPRegen  0.09/turn              (no ring)

@: very quick
A: large, hooves 3, agile 1, berserk 1, deformed body, speed 2, screaming 1,
tough skin 3, wild magic 1
a: Depart the Abyss, Renounce Religion


You were on level 2 of the Dungeon.
You worshipped Lugonu.
Lugonu was aware of your devotion.
You were not hungry.

You visited 1 branch of the dungeon, and saw 2 of its levels.
You visited the Abyss 1 time.

You collected 91 gold pieces.

Inventory:

Hand Weapons
 a - a +1 hand axe (weapon)
Missiles
 d - 8 boomerangs (quivered)
Armour
 e - a +0 ring mail (worn)
Scrolls
 b - a scroll of enchant armour {unknown}
 g - a scroll of magic mapping {unknown}
 i - a scroll of fog {unknown}
Comestibles
 c - 3 rations
 f - 3 chunks of flesh


   Skills:
 + Level 3.3 Fighting
 + Level 2.1 Axes
 * Level 1.9 Armour
 * Level 1.2 Dodging
 * Level 2.3 Invocations


You had 2 spell levels left.
You didn't know any spells.
Your spell library contained the following spells:

 Spells                   Type           Power        Failure   Level  Hunger
 Freeze                   Ice            #...         65%         1    ##.....
 Frozen Ramparts          Ice            #.....       95%         3    ####...
 Ozocubu's Armour         Chrm/Ice       #.......     95%         3    ####...
 Hailstorm                Conj/Ice       #.......     100%        4    #####..
 Summon Ice Beast         Ice/Summ       #.......     100%        4    #####..


Dungeon Overview and Level Annotations

Branches:
Dungeon (2/15)

Altars:
Xom

Annotations:
D:2 Sigmund


Innate Abilities, Weirdness & Mutations

You have hooves in place of feet.
Armour fits poorly on your strangely shaped body.
You cover ground very quickly.
You have extremely tough skin. (AC +3)
You are agile. (Dex +2)
You tend to lose your temper in combat.
You occasionally shout uncontrollably at your foes.
Your spells are a little harder to cast, but a little more powerful.


Message History

You hit Sigmund.
Sigmund is lightly wounded.
You hit Sigmund but do no damage.
Sigmund is lightly wounded.
You feel less wooden.
Your +0 ring mail unmelds from your body.
Sigmund hits you with a +0 scythe!
* * * LOW HITPOINT WARNING * * *
You hit Sigmund. Your kick misses Sigmund.
Sigmund is moderately wounded.
Sigmund hits you with a +0 scythe.
* * * LOW HITPOINT WARNING * * *
You closely miss Sigmund.
Sigmund is moderately wounded.
Sigmund screams, "Die, monster!"
Sigmund hits you but does no damage.
You slash Sigmund! You kick Sigmund.
Sigmund is severely wounded.
Sigmund hits you with a +0 scythe.
You die...

### ... .... .....
.....#########
.............#
......@......###########
......)@........##......
.....####.##.......(....
... ...##............ #
##..##......##....
#..........##....
###........##....
###.......#....
#............
#..>.........


You could see Sigmund.

Vanquished Creatures
  An adder (D:2)
  A dart slug (D:1)
  A leopard gecko (D:1)
  2 ball pythons
  4 giant cockroaches
  2 goblins
  2 hobgoblins
  7 bats
  4 frilled lizards
  5 kobolds
  6 rats
35 creatures vanquished.

Notes
Turn   | Place    | Note
-------+----------+-------------------------------------------
     0 | Abyss:1  | Gargoyl the Centaur Abyssal Knight began the quest for the
                  | Orb.
     0 | Abyss:1  | Reached XP level 1. HP: 19/19 MP: 2/2
    61 | Abyss:2  | Noticed a quasit
    79 | Abyss:2  | Gained mutation: Your spells are a little harder to cast,
                  | but a little more powerful. [potion of mutation]
    79 | Abyss:2  | Gained mutation: You tend to lose your temper in combat.
                  | [potion of mutation]
    79 | Abyss:2  | Gained mutation: You occasionally shout uncontrollably at
                  | your foes. [potion of mutation]
    79 | Abyss:2  | Gained mutation: You are agile. (Dex +2) [potion of
                  | mutation]
    80 | D:1      | Escaped the Abyss
   377 | D:1      | Reached XP level 2. HP: 26/26 MP: 3/3
   510 | D:1      | Reached * piety under Lugonu
   659 | D:1      | Reached skill level 1 in Dodging
  1178 | D:2      | Reached XP level 3. HP: 27/31 MP: 4/4
  1343 | D:2      | Found a shimmering altar of Xom.
  1344 | D:2      | Found a shimmering altar of Xom.
  1366 | D:2      | Found a shimmering altar of Xom.
  1396 | D:2      | Noticed Sigmund
  1461 | D:2      | Slain by Sigmund

Illustrated notes

Levels and vault maps discovered:
D:1:      mainiacjoe_arrival_reflecting_pool, layout_loops_corners,
          minmay_tromino_v2
D:2:      layout_rooms, xom_redecorated, uniq_sigmund

Skill      XL: |  1  2 |
---------------+-------+-----
Axes           | 2 |  2.1
Dodging        | 1 |  1.2
Fighting       | |  3.3
Armour         | |  1.9
Invocations    | |  2.3

Action                   || total
-------------------------++-------
Melee: Hand axe          ||    99
       Kick              ||    12
Invok: Depart the Abyss  ||     1
  Use: Potion            ||     3
  Eat: Chunk             ||     1
Armor: Leather armour    ||    10
       Ring mail         ||    61
       Skin              ||    24
Dodge: Dodged            ||    49

Table legend:
 A = Non-vault XP
 B = Vault XP
 C = Vault XP percentage of total XP
 D = Non-vault monster count
 E = Vault monster count
 F = Vault count percentage of total count
                 A         B        C        D         E       F
            +---------+---------+-------+---------+---------+-------
      Total |      61 |       4 |   6.2 |      33 |       2 |   5.7
            +---------+---------+-------+---------+---------+-------
        D:1 |      32 |       4 |  11.1 |      20 |       2 |   9.1
        D:2 |      29 |       0 |   0.0 |      13 |       0 |   0.0
            +---------+---------+-------+---------+---------+-------
